 Dungeon Crawl Stone Soup version 0.31-a0-149-g3fdcc5976a (webtiles) character file.

Game seed: 7359507417807597189

242 qw the Shooter (level 5, 0/46 HPs)
             Began as a Minotaur Hunter on June 7, 2023.
             Slain by Sigmund
             ... wielding a +0 scythe
              (4 damage)
             ... on level 3 of the Dungeon.
             The game lasted 00:00:45 (1591 turns).

qw the Shooter (Minotaur Hunter)                    Turns: 1591, Time: 00:00:46

Health: 0/46       AC:  4    Str: 15    XL:     5   Next: 81%
Magic:  4/4        EV: 12    Int:  6    God:
Gold:   114        SH:  0    Dex: 16    Spells: 4/4 levels left

rFire   . . .        Y - +0 shortbow
rCold   . . .        (shield currently unavailable)
rNeg    . . .        c - +0 leather armour
rPois   .            (helmet restricted)
rElec   .            (no cloak)
rCorr   .            (no gloves)
SInv    .            e - +0 pair of boots
Will    .....        (no amulet)
Stlth   +            (no ring)
HPRegen 0.27/turn    (no ring)
MPRegen 0.09/turn

%: no passive effects
@: confused
A: horns 2, retaliatory headbutt
a: no special abilities


You were on level 3 of the Dungeon.
You visited 1 branch of the dungeon, and saw 3 of its levels.

You collected 114 gold pieces.


Innate Abilities, Weirdness & Mutations

You have a pair of horns on your head.
You reflexively headbutt those who attack you in melee.


   Skills:
 - Level 4.0 Fighting
 + Level 6.3 Ranged Weapons
 - Level 3.4 Armour
 - Level 2.1 Dodging
 - Level 0.7 Stealth


You had 4 spell levels left.
You didn't know any spells.
Your spell library was empty.

Inventory:

Hand Weapons
 Y - a +0 shortbow (weapon)
Armour
 c - a +0 leather armour (worn)
 e - a +0 pair of boots (worn)
 k - a +0 ring mail
Jewellery
 f - a ring of ice
Scrolls
 b - a scroll of poison {unknown}
 h - a scroll of noise {unknown}
 i - 2 scrolls of identify
Potions
 a - a potion of ambrosia {unknown}
 d - a potion of degeneration {unknown}
 g - a potion of cancellation {unknown}
 j - a potion of mutation {unknown}

Dungeon Overview and Level Annotations

Branches:
Dungeon (3/15)

Altars:
Gozag

Annotations:
D:3 Sigmund


Message History

Enter note: You shoot an arrow.
The arrow barely misses Sigmund.
You shoot an arrow. The arrow barely misses the kobold.
You shoot an arrow. The arrow barely misses Sigmund.
Sigmund gestures wildly while chanting.
Sigmund flickers and vanishes!
Deactivating autopickup; reactivate with Ctrl-A.
The kobold throws a stone.
1578 ||| Stepping ~*~*~tactically~*~*~ (outnumbered).
Something hits you but does no damage.
Enter note:
Enter note: You shoot an arrow.
You hear some strange, mumbled words.
A puff of flame appears from out of thin air!
The puff of flame hits you!
You shoot an arrow. Something hits you.
You shoot an arrow. Something hits you.
You shoot an arrow. You shoot an arrow. Something hits you.
You shoot an arrow. Something hits you.
You shoot an arrow. Something hits you!
You shoot an arrow. Something hits you!
You shoot an arrow. You shoot an arrow. Something hits you!
You shoot an arrow.
You hear some strange, mumbled words.
You are confused.
You shoot an arrow. Something hits you but does no damage.
You shoot an arrow. Something hits you.
You die...

~~~~~~~~~...
.~~~.~~KKK
.[...%.. ....K.
.K.. #K.
#######{#########
.........@..$....
.######.#########
# . #......# #. .
#.###### .## #.#
.. #.# #####
#.### ..... #...#
###### # ###.#
#....####


There were no monsters in sight!

Vanquished Creatures
  A sky beast (D:2)
  A hound (D:3)
  3 gnolls (D:2)
  3 adders (D:2)
  2 worms (D:2)
  A dart slug (D:1)
  3 ball pythons
  3 bats
  2 endoplasms
  A giant cockroach (D:2)
  8 goblins
  4 hobgoblins
  11 jackals
  2 quokkas
  2 frilled lizards (D:1)
  3 kobolds
  5 rats (D:1)
55 creatures vanquished.

Notes
Turn   | Place    | Note
-------+----------+-------------------------------------------
     0 | D:1      | qw the Minotaur Hunter began the quest for the Orb.
     0 | D:1      | Reached XP level 1. HP: 18/18 MP: 0/0
     0 | D:1      | 0 ||| qw: Version: 0.2-a-117-gc6b5c8b
     0 | D:1      | 0 ||| qw: Game counter: 2560
     0 | D:1      | 0 ||| qw: Always use a shield: true
     0 | D:1      | 0 ||| qw: God list: Okawaru
     0 | D:1      | 0 ||| qw: Allow faded altars: false
     0 | D:1      | 0 ||| qw: Do Orc after D:15 true
     0 | D:1      | 0 ||| qw: Do second Lair branch before Depths: true
     0 | D:1      | 0 ||| qw: Lair rune preference: random
     0 | D:1      | 0 ||| qw: Plans: Normal
     0 | D:1      | 0 ||| PLANNING D:1-11
   188 | D:1      | Reached XP level 2. HP: 22/25 MP: 1/1
   192 | D:1      | Reached skill level 5 in Ranged Weapons
   387 | D:1      | Reached skill level 3 in Fighting
   467 | D:1      | Found a faded altar of an unknown god.
   532 | D:1      | Reached XP level 3. HP: 31/31 MP: 2/2
   864 | D:1      | 864 ||| READING scroll labelled OXO IN XAIROLA.
   865 | D:1      | 865 ||| READING scroll labelled VEUJOPS NA WOGO.
   866 | D:1      | 866 ||| READING scroll labelled RONEUFOTTU.
   867 | D:1      | 867 ||| READING scroll labelled YNAIXI JIOBAUS.
   868 | D:1      | 868 ||| READING 2 scrolls labelled DOUDDU WUDOTSETA.
   869 | D:1      | 869 ||| DROPPING scroll of butterflies.
  1005 | D:2      | Reached skill level 6 in Ranged Weapons
  1005 | D:2      | Reached XP level 4. HP: 29/38 MP: 3/3
  1380 | D:2      | 1380 ||| UPGRADING to +0 pair of boots.
  1385 | D:2      | 1385 ||| READING scroll labelled ROTREU PUMOLUFFO.
  1386 | D:2      | 1386 ||| DRINKING 2 brown potions.
  1393 | D:3      | Noticed a sky beast
  1396 | D:3      | 1396 ||| STAIRDANCE
  1400 | D:2      | HP: 9/40 [something (6)]
  1404 | D:2      | 1404 ||| DRINKING potion of heal wounds.
  1405 | D:2      | Killed a sky beast
  1406 | D:2      | Reached skill level 3 in Armour
  1406 | D:2      | Reached XP level 5. HP: 39/46 MP: 4/4
  1530 | D:3      | Found an opulent altar of Gozag.
  1571 | D:3      | Noticed Sigmund
  1572 | D:3      | 1572 ||| Stepping ~*~*~tactically~*~*~ (outnumbered).
  1574 | D:3      | 1574 ||| Stepping ~*~*~tactically~*~*~ (outnumbered).
  1578 | D:3      | 1578 ||| Stepping ~*~*~tactically~*~*~ (outnumbered).
  1586 | D:3      | HP: 9/46 [something (10)]
  1588 | D:3      | HP: 3/46 [something (7)]
  1591 | D:3      | Slain by Sigmund

Levels and vault maps discovered:
D:1:      elethiomel_arrival_diamonds, layout_loops_ring,
          shapermc_ecumenical_altar_mp_urbaneastern, minmay_misc_feat_alley
D:2:      layout_rooms
D:3:      minmay_goblin_kobold_castle, layout_basic, grunt_gozag_statues,
          grunt_ministairs_2, uniq_ijyb, uniq_sigmund

Skill      XL: |  1  2  3  4 |
---------------+-------------+-----
Ranged Weapons | 5 6 |  6.3
Fighting       | 3 4 |  4.0
Armour         | 3 |  3.4
Dodging        | |  2.1
Stealth        | |  0.7

Action                     |  1- 3 |  4- 6 || total
---------------------------+-------+-------++-------
   Fire: Shortbow          |   119 |    72 ||   191
    Use: Scroll            |     5 |     1 ||     6
         Potion            |       |     2 ||     2
 Armour: Leather armour    |    16 |    12 ||    28
  Dodge: Dodged            |    39 |    13 ||    52

Table legend:
 A = Non-vault XP
 B = Vault XP
 C = Vault XP percentage of total XP
 D = Non-vault monster count
 E = Vault monster count
 F = Vault count percentage of total count
                 A         B        C        D         E       F
            +---------+---------+-------+---------+---------+-------
      Total |     334 |      12 |   3.5 |      46 |       9 |  16.4
            +---------+---------+-------+---------+---------+-------
        D:1 |      36 |       9 |  20.0 |      19 |       7 |  26.9
        D:2 |     251 |       2 |   0.8 |      23 |       1 |   4.2
        D:3 |      47 |       1 |   2.1 |       4 |       1 |  20.0
            +---------+---------+-------+---------+---------+-------
